| TOP OF THE 1ST |
|
Great Falls Voyagers batting - Pitching for Seattle (APP) Mariners : RHP Luis Castro
|
|
Pitching: RHP Luis Castro
|
|
|
Batting: RHB Andy Cotton
|
0-0: Ball 1-0: Ball 2-0: Called Strike 2-1: Foul Ball, location: 2F 2-2: Foul Ball, location: 2F 2-2: Ball 3-2: Foul Ball, location: 2F 3-2: Foul Ball, location: 2F 3-2: Base on Balls
|
|
Batting: SHB Jose Romo
|
0-0: Called Strike 0-1: Fielders Choice at 2nd, 5-4 (Groundball, 56, EV 100.6 MPH)
|
|
Batting: LHB Carlos Ramirez
|
0-0: Ball Jose Romo is caught stealing 2nd base 2-6 1-0: Called Strike 1-1: Swinging Strike 1-2: Foul Ball, location: 2F 1-2: Strikes out swinging
|
| Top of the 1st over - 0 runs, 0 hits, 0 errors, 0 left on base; Great Falls 0 - Seattle (APP) 0 |
| BOTTOM OF THE 1ST |
|
Seattle (APP) Mariners batting - Pitching for Great Falls Voyagers : RHP Allen Speidel
|
|
Pitching: RHP Allen Speidel
|
|
|
Batting: RHB Kikuo Sato
|
0-0: Ground out 1-3 (Groundball, P, EV 60.0 MPH)
|
|
Batting: RHB Mike Conaway
|
0-0: Foul Ball, location: 2F 0-1: Ball 1-1: Ball 2-1: Bunt for hit to 15 - play at first, batter safe!
|
|
Batting: RHB Tze-meng Li
|
0-0: Swinging Strike 0-1: Ball 1-1: Foul Ball, location: 2F 1-2: Ball 2-2: Foul Ball, location: 2F 2-2: Ball 3-2: Fly out, F8 (Flyball, 89M, EV 79.4 MPH)
|
|
Batting: LHB Ryan Lowe
|
0-0: Ball 1-0: Swinging Strike 1-1: Ball 2-1: Swinging Strike 2-2: Strikes out swinging
|
| Bottom of the 1st over - 0 runs, 1 hit, 0 errors, 1 left on base; Great Falls 0 - Seattle (APP) 0 |
| TOP OF THE 2ND |
|
Great Falls Voyagers batting - Pitching for Seattle (APP) Mariners : RHP Luis Castro
|
|
Batting: RHB Vic Lucatero
|
0-0: Ball 1-0: Ball 2-0: Ball 3-0: Base on Balls
|
|
Batting: LHB Josh Pittman
|
0-0: Ball 1-0: Grounds out, U3 (Groundball, 3L, EV 100.0 MPH)
|
|
Batting: RHB Duncan Collins
|
0-0: Ball 1-0: Ball 2-0: Called Strike 2-1: Ball 3-1: Fly out, F7 (Line Drive, 7, EV 91.9 MPH)
|
|
Batting: SHB Matt Childers
|
0-0: DOUBLE (Groundball, 5L, EV 98.8 MPH) Vic Lucatero scores
|
|
Batting: RHB Billy Grubbs
|
0-0: Called Strike 0-1: Foul Ball, location: 2F 0-2: Ball 1-2: Foul Ball, location: 2F 1-2: Hit by Pitch
|
|
Batting: RHB Juan Tovar
|
0-0: Fly out, F8 (Flyball, 8RM, EV 90.0 MPH)
|
| Top of the 2nd over - 1 run, 1 hit, 0 errors, 2 left on base; Great Falls 1 - Seattle (APP) 0 |
| BOTTOM OF THE 2ND |
|
Seattle (APP) Mariners batting - Pitching for Great Falls Voyagers : RHP Allen Speidel
|
|
Batting: RHB Chris Olheiser
|
0-0: Ball 1-0: Ball 2-0: Called Strike 2-1: Ball 3-1: Base on Balls
|
|
Batting: SHB Tony Morales
|
0-0: Ball 1-0: Swinging Strike 1-1: Foul Ball, location: 2F 1-2: Foul Ball, location: 2F 1-2: Strikes out swinging
|
|
Batting: RHB Ivan Davila
|
0-0: Called Strike 0-1: Swinging Strike 0-2: Foul Ball, location: 2F 0-2: Ball 1-2: Strikes out swinging
|
|
Batting: RHB Enrique Valdez
|
0-0: Ball 1-0: Foul Ball, location: 2F 1-1: Ball 2-1: Ball 3-1: Fly out, F4 (Popup, 34, EV 75.0 MPH)
|
| Bottom of the 2nd over - 0 runs, 0 hits, 0 errors, 1 left on base; Great Falls 1 - Seattle (APP) 0 |
| TOP OF THE 3RD |
|
Great Falls Voyagers batting - Pitching for Seattle (APP) Mariners : RHP Luis Castro
|
|
Batting: RHB Andy Cotton
|
0-0: Called Strike 0-1: Foul Ball, location: 2F 0-2: Ball 1-2: Foul Ball, location: 2F 1-2: Foul Ball, location: 2F 1-2: Ball 2-2: Ball 3-2: Foul Ball, location: 2F 3-2: Foul Ball, location: 2F 3-2: Base on Balls
|
|
Batting: SHB Jose Romo
|
0-0: Called Strike 0-1: Ball 1-1: Ball 2-1: Foul Ball, location: 2F 2-2: Ball 3-2: Strikes out swinging Andy Cotton steals 2nd, throwing error, E2 Andy Cotton to third
|
|
Batting: LHB Carlos Ramirez
|
0-0: Called Strike 0-1: Called Strike 0-2: Foul Ball, location: 2F 0-2: Strikes out swinging
|
|
Batting: RHB Vic Lucatero
|
0-0: Foul Ball, location: 2F 0-1: Called Strike 0-2: Ball 1-2: Foul Ball, location: 2F 1-2: 2-RUN HOME RUN (Flyball, 7D, EV 97.5 MPH), Distance : 370 ft
|
|
Batting: LHB Josh Pittman
|
0-0: Ball 1-0: Called Strike 1-1: Called Strike 1-2: Strikes out swinging
|
| Top of the 3rd over - 2 runs, 1 hit, 1 error, 0 left on base; Great Falls 3 - Seattle (APP) 0 |
| BOTTOM OF THE 3RD |
|
Seattle (APP) Mariners batting - Pitching for Great Falls Voyagers : RHP Allen Speidel
|
|
Batting: RHB John Vasquez
|
0-0: Called Strike 0-1: Swinging Strike 0-2: Ball 1-2: Fly out, F9 (Flyball, 9S, EV 70.0 MPH)
|
|
Batting: RHB Kikuo Sato
|
0-0: Fly out, F8 (Flyball, 8RM, EV 95.0 MPH)
|
|
Batting: RHB Mike Conaway
|
0-0: Ball 1-0: Foul Ball, location: 2F 1-1: Fly out, F8 (Flyball, 8LM, EV 81.9 MPH)
|
| Bottom of the 3rd over - 0 runs, 0 hits, 0 errors, 0 left on base; Great Falls 3 - Seattle (APP) 0 |
| TOP OF THE 4TH |
|
Great Falls Voyagers batting - Pitching for Seattle (APP) Mariners : RHP Luis Castro
|
|
Batting: RHB Duncan Collins
|
0-0: Foul Ball, location: 2F 0-1: Ball 1-1: Ball 2-1: Fly out, F8 (Flyball, 89M, EV 90.0 MPH)
|
|
Batting: SHB Matt Childers
|
0-0: Called Strike 0-1: Ball 1-1: Swinging Strike 1-2: Strikes out swinging
|
|
Batting: RHB Billy Grubbs
|
0-0: Ground out 1-3 (Groundball, 13S, EV 63.8 MPH)
|
| Top of the 4th over - 0 runs, 0 hits, 0 errors, 0 left on base; Great Falls 3 - Seattle (APP) 0 |
| BOTTOM OF THE 4TH |
|
Seattle (APP) Mariners batting - Pitching for Great Falls Voyagers : RHP Allen Speidel
|
|
Batting: RHB Tze-meng Li
|
0-0: Ground out 6-3 (Groundball, 6, EV 103.8 MPH)
|
|
Batting: LHB Ryan Lowe
|
0-0: Foul Ball, location: 2F 0-1: Ball 1-1: Swinging Strike 1-2: Strikes out swinging
|
|
Batting: RHB Chris Olheiser
|
0-0: Ground out U3 (Groundball, 34, EV 107.5 MPH)
|
| Bottom of the 4th over - 0 runs, 0 hits, 0 errors, 0 left on base; Great Falls 3 - Seattle (APP) 0 |
| TOP OF THE 5TH |
|
Great Falls Voyagers batting - Pitching for Seattle (APP) Mariners : RHP Luis Castro
|
|
Batting: RHB Juan Tovar
|
0-0: Called Strike 0-1: Ball 1-1: Called Strike 1-2: Strikes out swinging
|
|
Batting: RHB Andy Cotton
|
0-0: Ball 1-0: Called Strike 1-1: Swinging Strike 1-2: Ball 2-2: Ball 3-2: Fly out, F8 (Flyball, 8RD, EV 103.1 MPH)
|
|
Batting: SHB Jose Romo
|
0-0: Ball 1-0: Called Strike 1-1: Fly out, F8 (Flyball, 8LD, EV 96.9 MPH)
|
| Top of the 5th over - 0 runs, 0 hits, 0 errors, 0 left on base; Great Falls 3 - Seattle (APP) 0 |
| BOTTOM OF THE 5TH |
|
Seattle (APP) Mariners batting - Pitching for Great Falls Voyagers : RHP Allen Speidel
|
|
Batting: SHB Tony Morales
|
0-0: Ball 1-0: Swinging Strike 1-1: Ball 2-1: Ball 3-1: SINGLE (Line Drive, 9S, EV 104.4 MPH)
|
|
Batting: RHB Ivan Davila
|
0-0: Ball 1-0: Called Strike 1-1: Swinging Strike 1-2: Ball Wild Pitch! Tony Morales to second 2-2: Strikes out swinging
|
|
Batting: RHB Enrique Valdez
|
0-0: Foul Ball, location: 2F 0-1: Swinging Strike 0-2: Strikes out swinging
|
|
Batting: RHB John Vasquez
|
0-0: Fly out, F8 (Line Drive, 8LD, EV 86.3 MPH)
|
| Bottom of the 5th over - 0 runs, 1 hit, 0 errors, 1 left on base; Great Falls 3 - Seattle (APP) 0 |
| TOP OF THE 6TH |
|
Great Falls Voyagers batting - Pitching for Seattle (APP) Mariners : RHP Luis Castro
|
|
Batting: LHB Carlos Ramirez
|
0-0: SINGLE (Line Drive, 78M, EV 103.1 MPH)
|
|
Batting: RHB Vic Lucatero
|
0-0: Ball 1-0: Ball 2-0: Ball 3-0: Called Strike 3-1: Swinging Strike 3-2: Strikes out looking
|
|
Batting: LHB Josh Pittman
|
0-0: Called Strike 0-1: Ball 1-1: Called Strike 1-2: Ball 2-2: Ball 3-2: Strikes out looking
|
|
Batting: RHB Duncan Collins
|
0-0: Called Strike 0-1: Foul Ball, location: 2F 0-2: Strikes out looking
|
| Top of the 6th over - 0 runs, 1 hit, 0 errors, 1 left on base; Great Falls 3 - Seattle (APP) 0 |
| BOTTOM OF THE 6TH |
|
Seattle (APP) Mariners batting - Pitching for Great Falls Voyagers : RHP Allen Speidel
|
|
Batting: RHB Kikuo Sato
|
0-0: Ball 1-0: Called Strike 1-1: Foul Ball, location: 2F 1-2: Ball 2-2: Strikes out swinging
|
|
Batting: RHB Mike Conaway
|
0-0: Ball 1-0: Ball 2-0: Ball 3-0: Called Strike 3-1: Foul Ball, location: 2F 3-2: Ground out 5-3 (Groundball, 56, EV 108.8 MPH)
|
|
Batting: RHB Tze-meng Li
|
0-0: Ground out 6-3 (Groundball, 56, EV 81.3 MPH)
|
| Bottom of the 6th over - 0 runs, 0 hits, 0 errors, 0 left on base; Great Falls 3 - Seattle (APP) 0 |
| TOP OF THE 7TH |
|
Great Falls Voyagers batting - Pitching for Seattle (APP) Mariners : RHP Luis Castro
|
|
Pitching: LHP Mitch Lewis
|
|
|
Batting: SHB Matt Childers
|
0-0: Foul Ball, location: 2F 0-1: Ball 1-1: Ball 2-1: Foul Ball, location: 2F 2-2: Strikes out swinging
|
|
Batting: RHB Billy Grubbs
|
0-0: Ball 1-0: Called Strike 1-1: Swinging Strike 1-2: Ball 2-2: Foul Ball, location: 2F 2-2: SOLO HOME RUN (Flyball, 89XD, EV 99.4 MPH), Distance : 406 ft
|
|
Batting: RHB Juan Tovar
|
0-0: Called Strike 0-1: Ball 1-1: Fly out, F7 (Flyball, 78M, EV 89.4 MPH)
|
|
Batting: RHB Andy Cotton
|
0-0: Ball 1-0: DOUBLE (Flyball, 8RXD, EV 101.9 MPH)
|
|
Batting: SHB Jose Romo
|
0-0: Ball 1-0: Called Strike 1-1: Ball 2-1: Ball 3-1: Base on Balls
|
|
Batting: LHB Carlos Ramirez
|
0-0: Called Strike 0-1: Ball 1-1: Swinging Strike 1-2: Strikes out swinging
|
| Top of the 7th over - 1 run, 2 hits, 0 errors, 2 left on base; Great Falls 4 - Seattle (APP) 0 |
| BOTTOM OF THE 7TH |
|
Seattle (APP) Mariners batting - Pitching for Great Falls Voyagers : RHP Allen Speidel
|
|
Pitching: RHP Brian Wesolek
|
|
|
Batting: LHB Ryan Lowe
|
0-0: Foul Ball, location: 2F 0-1: Ball 1-1: Ball 2-1: Ground out 4-3 (Groundball, 4, EV 84.4 MPH)
|
|
Batting: RHB Chris Olheiser
|
0-0: Ball 1-0: Ball 2-0: Called Strike 2-1: Ball 3-1: Called Strike 3-2: Foul Ball, location: 2F 3-2: Foul Ball, location: 2F 3-2: Ground out 4-3 (Groundball, 4D, EV 104.4 MPH)
|
|
Batting: SHB Tony Morales
|
0-0: Ball 1-0: Swinging Strike 1-1: Ball 2-1: Ground out U3 (Groundball, 3S, EV 66.9 MPH)
|
| Bottom of the 7th over - 0 runs, 0 hits, 0 errors, 0 left on base; Great Falls 4 - Seattle (APP) 0 |
| TOP OF THE 8TH |
|
Great Falls Voyagers batting - Pitching for Seattle (APP) Mariners : LHP Mitch Lewis
|
|
Pitching: LHP Adam Parrish
|
|
|
Batting: RHB Vic Lucatero
|
0-0: Ball 1-0: Ball 2-0: Called Strike 2-1: Ball 3-1: SINGLE (Groundball, 6MD, EV 102.5 MPH)
|
|
Batting: LHB Josh Pittman
|
0-0: Ball 1-0: Ball 2-0: Called Strike 2-1: Called Strike 2-2: Fielders Choice at 2nd, 3-6 (Groundball, 34S, EV 86.9 MPH)
|
|
Batting: RHB Duncan Collins
|
0-0: DOUBLE (Flyball, 8RXD, EV 92.5 MPH) Josh Pittman to third Runner from 3rd tries for Home, SAFE, throw by CF to trailing runner, OUT at third! 8-3-5
|
|
Batting: SHB Matt Childers
|
0-0: Ball 1-0: SINGLE (Groundball, 56D, EV 98.1 MPH)
|
|
Batting: RHB Billy Grubbs
|
0-0: Called Strike 0-1: Called Strike 0-2: Strikes out swinging
|
| Top of the 8th over - 1 run, 3 hits, 0 errors, 1 left on base; Great Falls 5 - Seattle (APP) 0 |
| BOTTOM OF THE 8TH |
|
Seattle (APP) Mariners batting - Pitching for Great Falls Voyagers : RHP Brian Wesolek
|
|
Batting: RHB Ivan Davila
|
0-0: Called Strike 0-1: Swinging Strike 0-2: Ball 1-2: Ground out 6-3 (Groundball, 6, EV 84.4 MPH)
|
|
Batting: RHB Enrique Valdez
|
0-0: Ball 1-0: Ball 2-0: Called Strike 2-1: Called Strike 2-2: Ball 3-2: Strikes out swinging
|
|
Batting: RHB John Vasquez
|
0-0: Ball 1-0: Hit by Pitch
|
|
Batting: RHB Kikuo Sato
|
0-0: SINGLE (Groundball, 56D, EV 94.4 MPH) John Vasquez to second
|
|
Batting: RHB Mike Conaway
|
0-0: Foul Ball, location: 2F 0-1: Foul Ball, location: 2F 0-2: Ball 1-2: Strikes out looking
|
| Bottom of the 8th over - 0 runs, 1 hit, 0 errors, 2 left on base; Great Falls 5 - Seattle (APP) 0 |
| TOP OF THE 9TH |
|
Great Falls Voyagers batting - Pitching for Seattle (APP) Mariners : LHP Adam Parrish
|
|
Batting: RHB Juan Tovar
|
0-0: Called Strike 0-1: Ball 1-1: Ground out 6-3 (Groundball, 6D, EV 97.5 MPH)
|
|
Batting: RHB Andy Cotton
|
0-0: Ball 1-0: Ball 2-0: Called Strike 2-1: Ball 3-1: Base on Balls
|
|
Batting: SHB Jose Romo
|
0-0: Swinging Strike 0-1: Swinging Strike 0-2: Foul Ball, location: 2F 0-2: Strikes out looking
|
|
Batting: LHB Carlos Ramirez
|
0-0: Ball 1-0: Ball 2-0: Swinging Strike 2-1: Ball 3-1: Base on Balls Andy Cotton to second
|
|
Batting: RHB Vic Lucatero
|
0-0: Ball 1-0: Called Strike 1-1: Hit by Pitch Andy Cotton to third Carlos Ramirez to second
|
|
Pitching: RHP Willie Sanchez
|
|
|
Batting: LHB Josh Pittman
|
0-0: Ball 1-0: Ball 2-0: Called Strike 2-1: Ball 3-1: Base on Balls Andy Cotton scores Carlos Ramirez to third Vic Lucatero to second
|
|
Batting: RHB Duncan Collins
|
0-0: Swinging Strike 0-1: Called Strike 0-2: Strikes out swinging
|
| Top of the 9th over - 1 run, 0 hits, 0 errors, 3 left on base; Great Falls 6 - Seattle (APP) 0 |
| BOTTOM OF THE 9TH |
|
Seattle (APP) Mariners batting - Pitching for Great Falls Voyagers : RHP Brian Wesolek
|
|
Batting: RHB Tze-meng Li
|
0-0: Ball 1-0: Foul Ball, location: 2F 1-1: Foul Ball, location: 2F 1-2: Foul Ball, location: 2F 1-2: Foul Ball, location: 2F 1-2: Strikes out looking
|
|
Batting: LHB Ryan Lowe
|
0-0: Called Strike 0-1: Foul Ball, location: 2F 0-2: Ground out 6-3 (Groundball, 6, EV 100.6 MPH)
|
|
Batting: RHB Chris Olheiser
|
0-0: SINGLE (Groundball, 34D, EV 99.4 MPH)
|
|
Batting: SHB Tony Morales
|
0-0: Ball 1-0: Foul Ball, location: 2F 1-1: Called Strike 1-2: Ball 2-2: Ball 3-2: Base on Balls Chris Olheiser to second
|
|
Batting: RHB Ivan Davila
|
0-0: Ball 1-0: Foul Ball, location: 2F 1-1: Swinging Strike 1-2: Ball 2-2: Foul Ball, location: 2F 2-2: Strikes out swinging
|
| Bottom of the 9th over - 0 runs, 1 hit, 0 errors, 2 left on base; Great Falls 6 - Seattle (APP) 0 |
|